 Dungeon Crawl Stone Soup version 0.28.0-53-g5a82cb258f (webtiles) character file.

Game seed: 530376184260554658

99 Brecoman the Grave Robber (level 4, -14/34 HPs)
             Began as a Mummy Necromancer on July 21, 2022.
             Was a Follower of Ru.
             Killed from afar by a kobold (15 damage)
             ... with a bolt of acid
             ... on level 4 of the Dungeon.
             The game lasted 00:09:44 (2393 turns).

Brecoman the Grave Robber (Mummy Necromancer)       Turns: 2393, Time: 00:09:45

Health: -14/34     AC:  1    Str: 11    XL:     4   Next: 45%
Magic:  9/9        EV: 11    Int: 16    God:    Ru [*.....]
Gold:   128        SH:  0    Dex: 12    Spells: 4/10 levels left

rFire   x . .      SeeInvis .   e - +1 short sword (elec)
rCold   + . .      Faith    .   (no shield)
rNeg    + + +      Spirit   .   a - +0 robe
rPois   ∞          Reflect  .   (no helmet)
rElec   .          Harm     .   (no cloak)
rCorr   .          Rampage  .   f - +2 pair of gloves
Will    .....                   (no boots)
Stlth   ++........              (no amulet)
HPRegen 0.11/turn               (no ring)
MPRegen 0.11/turn               (no ring)

@: corroded
A: cold resistance 1, negative energy resistance 3, torment resistance 2, heat
vulnerability 1, inability to train dodging, no potions
a: Renounce Religion


You were on level 4 of the Dungeon.
You worshipped Ru.
Ru was aware of your devotion.
You visited 1 branch of the dungeon, and saw 4 of its levels.

You collected 128 gold pieces.

Inventory:

Hand Weapons
 e - a +1 short sword of electrocution (weapon)
Missiles
 b - 3 silver boomerangs (quivered)
 d - 42 stones
Armour
 a - a +0 robe (worn)
 f - a +2 pair of gloves (worn)
Scrolls
 c - 4 scrolls of identify {unknown}
 g - a scroll of noise {unknown}
 h - a scroll of fog {unknown}


   Skills:
 * Level 2.4 Fighting
 - Level 1.5 Stealth
 + Level 3.5 Spellcasting
 + Level 4.4 Necromancy
 + Level 1.2 Poison Magic


You had 4 spell levels left.
You knew the following spells:

 Your Spells              Type           Power      Damage    Failure   Level
a - Pain                  Necr           68%        1d7       3%          1
b - Animate Skeleton      Necr           34%        N/A       3%          1
c - Sting                 Tmut/Pois      16%        1d3       14%         1
d - Vampiric Draining     Necr           17%        2d7       9%          3

Your spell library contained the following spells:

 Spells                   Type           Power      Damage    Failure   Level
 Poisonous Vapours        Pois/Air       8%         N/A       21%         2
 Animate Dead             Necr           8%         N/A       28%         4
 Frozen Ramparts          Ice            4%         1d2       47%         3
 Gell's Gravitas          Tloc           2%         N/A       47%         3
 Lesser Beckoning         Tloc           2%         N/A       47%         3
 Teleport Other           Tloc           2%         N/A       47%         3
 Olgreb's Toxic Radiance  Pois           6%         N/A       71%         4
 Summon Ice Beast         Ice/Summ       2%         N/A       87%         4
 Agony                    Necr           17%        N/A       63%         5
 Ice Form                 Ice/Tmut       Unusable   N/A       N/A         4

Dungeon Overview and Level Annotations

Branches:
Dungeon (4/15)
 Temple: D:4-7

Altars:
Dithmenos
Ru


Innate Abilities, Weirdness & Mutations

You are immune to poison.
Your flesh is cold resistant. (rC+)
You are immune to negative energy. (rN+++)
You are immune to unholy pain and torment.
You are vulnerable to heat. (rF-)
You cannot train Dodging skill.
You do not drink.


Message History

The kobold shouts!
You hit the hobgoblin.
The hobgoblin is severely wounded.
The hobgoblin hits you but does no damage.
The bullfrog zombie barely misses you.
Ru believes you are ready to make a new sacrifice.
There is a stone staircase leading up here.
The kobold zaps a wand.
The bolt of acid hits the quokka skeleton!!
The acid corrodes the quokka skeleton!
The quokka skeleton is destroyed!
The bolt of acid hits you!
Ouch! That really hurt!
The acid corrodes you! The hobgoblin hits you.
The bullfrog zombie barely misses you.
You climb upwards.
There is a stone staircase leading down here.
You are too injured to fight recklessly!
You closely miss the hobgoblin.
The hobgoblin is severely wounded.
The hobgoblin misses you.
You hit the hobgoblin but do no damage.
Lightning courses through the hobgoblin!!
You kill the hobgoblin!
Ru asks you to sacrifice your Dodging skill.
This is a major sacrifice.
Piety after sacrifice: *.....
Do you really want to make this sacrifice?
You can no longer train Dodging skill.
Your Dodging skill decreases to level 0!
You now exude an aura of power that intimidates your foes.
Okay, then.
You climb downwards.
The bullfrog zombie hits you.
* * * LOW HITPOINT WARNING * * *
The bullfrog zombie barely misses you. The hobgoblin hits you.
* * * LOW HITPOINT WARNING * * *
There is a stone staircase leading up here.
The bullfrog zombie hits you.
* * * LOW HITPOINT WARNING * * *
The kobold zaps a wand.
The bolt of acid hits you!
You die...

#.......
#.......
#.......
###.....#
#.......####+##
#.............
#.............
#....Z........
#.....@.......
#.....g##....#
#.>....# ...#
#...K.... ...
#......... ..
'.......... .
##......##..
#..[...# ...
?....... ...


You could see a bullfrog zombie, a hobgoblin and a kobold.

Vanquished Creatures
  5 adders
  An adder skeleton (D:4)
  A worm (D:1)
  An orc (D:3)
  5 bats
  5 endoplasms
  4 goblins
  7 hobgoblins
  A kobold (D:2)
  4 quokkas
  8 frilled lizards
  5 rats
47 creatures vanquished.

Vanquished Creatures (others)
  A quokka skeleton (D:4)
1 creature vanquished.

Grand Total: 48 creatures vanquished

Notes
Turn   | Place    | Note
-------+----------+-------------------------------------------
     0 | D:1      | Brecoman the Mummy Necromancer began the quest for the Orb.
     0 | D:1      | Reached XP level 1. HP: 13/13 MP: 4/4
    22 | D:1      | Learned a level 1 spell: Animate Skeleton
    24 | D:1      | Learned a level 1 spell: Sting
   397 | D:1      | Reached XP level 2. HP: 18/20 MP: 5/5
   442 | D:1      | Reached skill level 1 in Fighting
  1136 | D:2      | Found a sacrificial altar of Ru.
  1153 | D:2      | Became a worshipper of Ru the Awakened
  1214 | D:2      | Reached XP level 3. HP: 18/26 MP: 7/7
  1221 | D:2      | Learned a level 3 spell: Vampiric Draining
  1434 | D:2      | Reached skill level 1 in Poison Magic
  1454 | D:2      | Reached XP level 4. HP: 30/33 MP: 7/9
  2054 | D:3      | Found a shadowy altar of Dithmenos.
  2390 | D:3      | Gained mutation: You cannot train Dodging skill. [Ru
                  | sacrifice]
  2390 | D:3      | Reached * piety under Ru
  2393 | D:4      | HP: 1/34 [bullfrog zombie (4)]
  2393 | D:4      | Killed from afar by a kobold

Illustrated notes

Levels and vault maps discovered:
D:1:      scummos_arrival_simple_fountains, layout_loops_ring,
          chequers_serial_rivers_small_b, palyth_stone_intersect, st_stairs_13
D:2:      layout_rooms, basic_altar, grunt_ministairs_8
D:3:      layout_loops_ring, mainiacjoe_overflow_six_doors_small
D:4:      layout_gridville, grunt_gozag_breadcrumbs, patterned_corridor,
          uniq_grinder

Skill      XL: |  1  2  3  4 |
---------------+-------------+-----
Fighting       | 1 2 |  2.4
Spellcasting   | 3 |  3.5
Poison Magic   | 1 |  1.2
Dodging        | 0 |  0.0
Stealth        | |  1.5
Necromancy     | |  4.4

Action                   |  1- 3 |  4- 6 || total
-------------------------+-------+-------++-------
Melee: Short sword       |    47 |    26 ||    73
       Punch             |     1 |       ||     1
Throw: Boomerang         |    22 |       ||    22
 Cast: Pain              |    24 |    10 ||    34
       Animate Skeleton  |    13 |     9 ||    22
Invok: Sacrifice Nimblen |       |     1 ||     1
 Stab: Sleeping          |     4 |     2 ||     6
Armor: Robe              |    18 |     5 ||    23
Dodge: Dodged            |    31 |    15 ||    46
